 Dungeon Crawl Stone Soup version 0.24-a0-445-gd5110b030a (webtiles) character file.

Game seed: 4396019748379088326

1738 emperorscorpion the Covered (level 8, 0/76 HPs)
             Began as a Deep Dwarf Berserker on June 22, 2019.
             Was a Priest of Trog.
             Slain by an orc warrior
             ... wielding a +0 battleaxe
              (9 damage)
             ... on level 8 of the Dungeon.
             The game lasted 00:10:19 (1301 turns).

emperorscorpion the Covered (Deep Dwarf Berserker)  Turns: 1301, Time: 00:10:20

Health: 0/76       AC: 11    Str: 23    XL:     8   Next: 77%
Magic:  8/8        EV: 11    Int: 16    God:    Trog [***...]
Gold:   71         SH:  0    Dex: 16    Spells: 7/7 levels left

rFire    . . .     SeeInvis .   h - +11 dagger "Kasynu Bise" {pierce, *Rage Int+8 Dex+4}
rCold    + . .     Gourm    .   (no shield)
rNeg     . . .     Faith    .   d - +0 chain mail
rPois    .         Spirit   .   (no helmet)
rElec    .         Reflect  .   e - +0 cloak
rCorr    .         Harm     .   (no gloves)
MR       +....     Rnd*Rage +   (no boots)
Stlth    ..........             (no amulet)
HPRegen  0.00/turn              o - ring of protection from cold
MPRegen  0.11/turn              (no ring)

@: non-regenerating
A: damage resistance, heal wounds, sense surroundings 1, no regeneration
a: Heal Wounds, Berserk, Trog's Hand, Renounce Religion


You were on level 8 of the Dungeon.
You worshipped Trog.
Trog was most pleased with you.
You were near starving.

You visited 1 branch of the dungeon, and saw 8 of its levels.

You collected 71 gold pieces.

Inventory:

Hand Weapons
 a - a +0 hand axe
 h - the +11 dagger "Kasynu Bise" (weapon) {pierce, *Rage Int+8 Dex+4}
   (You found it on level 4 of the Dungeon)

   It inflicts extra damage upon your enemies.
   It affects your intelligence (+8).
   It affects your dexterity (+4).
   It may make you go berserk in combat.
Missiles
 j - 3 javelins (quivered)
 n - 17 poisoned darts
 p - 2 throwing nets
Armour
 b - a +0 animal skin
 d - a +0 chain mail (worn)
 e - a +0 cloak (worn)
 m - a +0 ring mail
 q - a +0 scale mail
Jewellery
 o - a ring of protection from cold (left hand)
Wands
 i - a wand of iceblast (3)
Scrolls
 g - a scroll of noise
 k - a scroll of identify
 l - a scroll of fog
Comestibles
 c - 5 rations


   Skills:
 + Level 6.3 Fighting
 + Level 3.8 Short Blades
 - Level 3.5 Axes
 + Level 6.3 Armour
 + Level 5.8 Dodging
 + Level 4.1 Stealth


You had 7 spell levels left.
You didn't know any spells.
Your spell library contained the following spells:

 Spells                   Type           Power        Failure   Level  Hunger
 Animate Skeleton         Necr           N/A          86%         1    ##.....
 Pain                     Necr           #...         86%         1    ##.....
 Vampiric Draining        Necr           #.........   99%         3    ####...
 Animate Dead             Necr           N/A          100%        4    #####..
 Regeneration             Chrm/Necr      Unusable     N/A         3    N/A

Dungeon Overview and Level Annotations

Branches:
Dungeon (8/15)
 Temple: D:4-7         Lair: D:8-11

Altars:


Innate Abilities, Weirdness & Mutations

You are resistant to damage.
You can heal yourself by infusing magical energy.
You passively map a small area around you.
You do not regenerate.


Message History

a +0 dagger; an orc corpse You hit the orc warrior.
The orc warrior is lightly wounded.
You puncture the orc warrior!
The orc warrior is heavily wounded.
The orc warrior hits you with a +0 battleaxe.
You barely miss the orc warrior.
The orc warrior is heavily wounded.
The orc warrior hits you with a +0 battleaxe!
You hit the orc warrior.
The orc warrior is heavily wounded.
You hit the orc warrior but do no damage.
The orc warrior is heavily wounded.
The orc warrior hits you with a +0 battleaxe!
* * * LOW HITPOINT WARNING * * *
You closely miss the orc warrior.
The orc warrior is heavily wounded.
The orc priest begins to cast a cantrip, but forgets the words!
The orc warrior hits you with a +0 battleaxe!
You die...

#.#* , ,, , , , , #.# *,
* * #.#, , , #.# #.#, *
#.#, #.# , . #.# .##
#o#, .. , #.# , ...# #o#
,... #.#,, ,#..### #o#
.... * #.# *,#..... #o#
...(.,, , ##.#
.#.....##@#...... , ...#
,*.............!...
#####,*##......#.#######
, ....., ........#... ,
, .#############.##### *
, .......#...# #.# ,
.#####.#.#.# #.# ....#
#.#.# #.# ###.##
#.).###.# *


You could see an orc warrior, an orc priest and 2 orcs.

Vanquished Creatures
  Harold (D:7)
  An ice beast (D:5)
  An orc warrior (D:7)
  2 necrophages
  A hornet zombie (D:8)
  A bullfrog (D:7)
  2 scorpions
  2 wights (D:8)
  2 orc priests (D:7)
  A bullfrog skeleton (D:7)
  An iguana (D:7)
  4 orc wizards
  2 mummies (D:8)
  A howler monkey zombie (D:7)
  3 gnolls (D:7)
  A worker ant zombie (D:8)
  3 adders
  An ooze (D:7)
  An adder skeleton (D:7)
  13 orcs
  2 bats
  3 goblins (D:2)
  5 jackals
  A kobold (D:2)
55 creatures vanquished.

Vanquished Creatures (others)
  2 withered plants (D:8)
2 creatures vanquished.

Grand Total: 57 creatures vanquished

Notes
Turn   | Place    | Note
-------+----------+-------------------------------------------
     0 | D:1      | emperorscorpion the Deep Dwarf Berserker began the quest
                  | for the Orb.
     0 | D:1      | Reached XP level 1. HP: 20/20 MP: 1/1
    77 | D:2      | Reached XP level 2. HP: 28/28 MP: 2/2
   204 | D:4      | Got a warped dagger
   205 | D:4      | Identified the +11 dagger "Kasynu Bise" {pierce, *Rage
                  | Int+8 Dex+4} (You found it on level 4 of the Dungeon)
   283 | D:5      | Entered Level 5 of the Dungeon
   283 | D:5      | Noticed a scorpion
   288 | D:5      | Killed a scorpion
   288 | D:5      | Reached XP level 3. HP: 22/36 MP: 3/3
   288 | D:5      | Reached XP level 4. HP: 27/44 MP: 4/4
   294 | D:5      | Reached skill level 1 in Stealth
   300 | D:5      | Noticed an ice beast
   306 | D:5      | Killed an ice beast
   306 | D:5      | Reached XP level 5. HP: 38/51 MP: 5/5
   512 | D:7      | Noticed an orc warrior
   536 | D:7      | Killed an orc warrior
   536 | D:7      | Reached XP level 6. HP: 33/60 MP: 6/6
   548 | D:7      | Reached ** piety under Trog
   548 | D:7      | Reached skill level 5 in Fighting
   612 | D:7      | Reached skill level 1 in Short Blades
   612 | D:7      | Reached XP level 7. HP: 55/67 MP: 7/7
   800 | D:7      | Noticed Harold
   820 | D:7      | Killed Harold
   820 | D:7      | Reached skill level 5 in Armour
   820 | D:7      | Reached skill level 5 in Dodging
   820 | D:7      | Reached XP level 8. HP: 57/76 MP: 8/8
  1212 | D:8      | Reached *** piety under Trog
  1301 | D:8      | Slain by an orc warrior

Levels and vault maps discovered:
D:1:      wander_arrival_desolate, layout_basic, lemuel_flame_loot_1
D:2:      layout_basic, gammafunk_temple_overflow_claw
D:3:      gammafunk_steamed_eel, layout_loops_ring, led_sif_pool
D:4:      layout_gridville, first_ration
D:5:      layout_basic, tso_oasis_becter, temple_doors_ab, uniq_duvessa
D:6:      layout_basic
D:7:      layout_layer_cave, uniq_harold
D:8:      layout_basic, serial_undead, serial_undead_e, serial_undead_a,
          serial_undead_a, serial_undead_c, serial_undead_c, serial_undead_e,
          uniq_prince_ribbit1

Skill      XL: |  1  2  3  4  5  6  7  8 |
---------------+-------------------------+-----
Fighting       | 3 4 5 6 |  6.3
Stealth        | 1 2 3 4 |  4.1
Dodging        | 3 4 5 |  5.8
Armour         | 3 5 6 |  6.3
Short Blades   | 1 2 3 |  3.8
Axes           | |  3.5

Action                   |  1- 3 |  4- 6 |  7- 9 || total
-------------------------+-------+-------+-------++-------
Melee: Hand axe          |    23 |       |       ||    23
       Dagger            |     3 |    39 |   102 ||   144
Invok: Berserk           |     1 |     3 |     3 ||     7
 Abil: Heal Wounds       |       |     1 |     2 ||     3
  Use: Potion            |     1 |       |       ||     1
       Scroll            |       |       |     4 ||     4
 Stab: Sleeping          |     1 |       |       ||     1
  Eat: Chunk             |       |     2 |     4 ||     6
Armor: Animal skin       |    10 |       |       ||    10
       Ring mail         |       |     7 |     8 ||    15
       Chain mail        |       |       |     5 ||     5
Dodge: Dodged            |    37 |    26 |    58 ||   121

Table legend:
 A = Non-vault XP
 B = Vault XP
 C = Vault XP percentage of total XP
 D = Non-vault monster count
 E = Vault monster count
 F = Vault count percentage of total count
                 A         B        C        D         E       F
            +---------+---------+-------+---------+---------+-------
      Total |    1101 |    1383 |  55.7 |      47 |       8 |  14.5
            +---------+---------+-------+---------+---------+-------
        D:1 |       2 |       0 |   0.0 |       1 |       0 |   0.0
        D:2 |      22 |       0 |   0.0 |       6 |       0 |   0.0
        D:4 |       6 |       0 |   0.0 |       3 |       0 |   0.0
        D:5 |     221 |       0 |   0.0 |       5 |       0 |   0.0
        D:7 |     795 |     970 |  55.0 |      26 |       1 |   3.7
        D:8 |      55 |     413 |  88.2 |       6 |       7 |  53.8
            +---------+---------+-------+---------+---------+-------
